cohdb
Replays
Latest Replays
All Replays
Popular Replays
Top Player Replays
Match Explorer
How It Works
Community
CoH3 Stats
Reddit
Sign in to upload your games and track your stats! →
Sign in with Steam
Match 22680973
Unlisted
Match 22680973
Overview
Messages
Build Orders
End
Selects Airborne Battlegroup
Selects Pathfinders
Pathfinder Squad
Construct Weapon Support Center
Sniper
M1919 Machine Gun Team
Selects Paratrooper Squad Paradrop
Paratrooper Squad Paradrop
Paratrooper Squad Paradrop
Infantry Support Center
Paratrooper Squad Paradrop
Selects Recon Loiter
Selects Supply Drop
Recon Loiter
Munitions Surplus
Recon Loiter
Supply Drop
Construct Motor Pool
Construct Tank Depot
Recon Loiter
M4(105) Sherman Bulldozer
Supply Drop
UnbrekaBull
Eber
LuiSBa
Gordon Ramsay
CruelDesire3
Traanquheal
FatalRektal
Stressfaktor
0
0
Comments
sign in to comment!
No comments posted yet!